 Dungeon Crawl Stone Soup version 0.25.0-26-g0c896c7088 (webtiles) character file.

Game seed: 7469810241278311177

1778 protoss039 the Covert (level 8, -2/43 HPs)
             Began as a Vampire Enchanter on July 4, 2020.
             Slain by a killer bee (9 damage)
             ... on level 7 of the Dungeon.
             The game lasted 00:28:20 (7661 turns).

protoss039 the Covert (Vampire Enchanter)           Turns: 7661, Time: 00:28:21

Health: -2/43      AC:  4    Str:  7    XL:     8   Next: 81%
Magic:  0/16       EV: 14    Int: 17    God:
Gold:   336        SH:  0    Dex: 17    Spells: 6/18 levels left

rFire    . . .     SeeInvis +   A - +1 dagger (drain)
rCold    + + .     Gourm    .   (no shield)
rNeg     + + +     Faith    .   B - +1 robe {rN+}
rPois    ∞         Spirit   .   (no helmet)
rElec    .         Reflect  .   (no cloak)
rCorr    .         Harm     .   v - +0 pair of gloves
MR       .....                  (no boots)
Stlth    +++++++...             (no amulet)
HPRegen  0.00/turn              (no ring)
MPRegen  0.15/turn              (no ring)

@: very slightly contaminated, bloodless
A: no food, fangs 3, see invisible, unbreathing
a: Bat Form, Revivify


You were on level 7 of the Dungeon.
You were bloodless.

You visited 2 branches of the dungeon, and saw 8 of its levels.

You collected 336 gold pieces.

Inventory:

Hand Weapons
 A - a +1 dagger of draining (weapon)
Armour
 v - a +0 pair of gloves (worn)
 B - a +1 robe of positive energy (worn)
Jewellery
 t - a cursed ring of attention {unknown}
Wands
 j - a wand of clouds (4)
 w - a wand of acid (6)
 y - a wand of paralysis (6)
Scrolls
 d - 7 scrolls of magic mapping {unknown}
 e - 2 scrolls of teleportation {unknown}
 f - a scroll of enchant armour {unknown}
 g - 3 scrolls of remove curse {unknown}
 h - a scroll of fear {unknown}
 k - 2 scrolls of fog {unknown}
 l - 3 scrolls of identify {unknown}
 p - a scroll of enchant weapon {unknown}
 r - a scroll of amnesia {unknown}
 u - a scroll of blinking {unknown}
Potions
 c - a potion of cancellation {unknown}
 i - 3 potions of invisibility {unknown}
 m - 2 potions of degeneration {unknown}
 n - a potion of flight {unknown}
 o - a potion of heal wounds {unknown}
 q - 2 potions of curing
 s - a potion of lignification {unknown}
 x - 2 potions of resistance {unknown}
 z - a potion of ambrosia {unknown}


   Skills:
 + Level 1.5 Fighting
 + Level 3.7 Short Blades
 + Level 3.7 Dodging
 + Level 10.2 Stealth
 + Level 5.9 Spellcasting
 + Level 9.1 Hexes


You had 6 spell levels left.
You knew the following spells:

 Your Spells              Type           Power        Failure   Level  Hunger
a - Corona                Hex            #####..      1%          1    N/A
b - Confusing Touch       Hex            #####...     1%          3    N/A
c - Ensorcelled Hibernat  Hex/Ice        ###...       3%          2    N/A
d - Tukima's Dance        Hex            #####...     1%          3    N/A
e - Dazzling Flash        Conj/Hex       ###...       6%          3    N/A

Your spell library contained the following spells:

 Spells                   Type           Power        Failure   Level  Hunger


Dungeon Overview and Level Annotations

Branches:
Dungeon (7/15)             Temple (1/1) D:4

Altars:
Ashenzari
Elyvilon
Fedhas
Hepliaklqana
Kikubaaqudgha
Makhleb
Qazlal
Ru
Trog
Uskayaw
Wu Jian
Xom
Yredelemnul
Zin

Annotations:
D:2 1 exclusion
D:4 3 exclusions
D:6 2 transporters, Asparus's ghost, novice DEAE


Innate Abilities, Weirdness & Mutations

You do not eat.
You do not regenerate when monsters are visible.
You are frail without blood (-20% HP).
You can heal yourself when you bite living creatures.
You are immune to poison.
You have razor-sharp teeth.
You have supernaturally acute eyesight. (SInv)
You can survive without breathing.


Message History

Unknown command.
You barely miss the killer bee.
Unknown command.
You hit the killer bee.
The killer bee is lightly wounded.
The killer bee stings you but does no damage.
Unknown command.
You catch the helpless killer bee completely off-guard!
You impale the killer bee!!
You kill the killer bee!
Unknown command.
Casting: Confusing Touch (safe; 1% risk of failure)
Confirm with . or Enter, or press ? or * to list all spells.
Aiming: Corona (safe; 1% risk of failure)
Press: ? - help, Shift-Dir - straight line, f - killer bee
Aim: a killer bee (chance to defeat MR: 81%)
The killer bee is outlined in light.
The killer bee stings you.
* * * LOW HITPOINT WARNING * * *
The killer bee stings you!
You die...

##############
####..........†..
#......########## #########
#......#.....<...
........#####......#.####.##.
..........)y@>##'###.#.......
######.#.###.##.# #.#.##.#..
#.#.# #.##.# #.#.##.#). #(#.#
#.##.# #.#.##.#.. #.#.#
#.##.# #.#.##.#.. #)#.#
#.##.# #.#.##.#.. #.#.#
#.##y# #.#.##.#.. #.#.# #.#
#.#.##.#.. #.#.# #.#.##.#..


You could see a killer bee (corona).

Vanquished Creatures
  Pikel (D:6)
  Edmund (D:5)
  An orc warrior (D:6)
  An ice beast (D:6)
  3 slaves (D:6)
  2 centaurs
  A big kobold (D:4)
  2 scorpions
  3 killer bees (D:7)
  A crimson imp (D:4)
  3 jellies
  An orc priest (D:2)
  5 orc wizards
  An iguana (D:3)
  4 worker ants
  8 adders
  A shadow imp (D:6)
  An ooze (D:3)
  3 leopard geckos
  9 orcs
  3 ball pythons
  8 bats
  4 giant cockroaches
  4 hobgoblins
  2 jackals (D:1)
  9 frilled lizards
  11 goblins
  10 kobolds
  A quokka skeleton (D:4)
  9 rats
113 creatures vanquished.

Notes
Turn   | Place    | Note
-------+----------+-------------------------------------------
     0 | D:1      | protoss039 the Vampire Enchanter began the quest for the
                  | Orb.
     0 | D:1      | Reached XP level 1. HP: 13/13 MP: 3/3
   197 | D:1      | Reached XP level 2. HP: 8/19 MP: 1/5
   861 | D:1      | Reached skill level 5 in Hexes
  1014 | D:1      | Reached XP level 3. HP: 13/24 MP: 4/6
  1212 | D:1      | Learned a level 3 spell: Confusing Touch
  1215 | D:1      | Learned a level 2 spell: Ensorcelled Hibernation
  1466 | D:2      | Found a bloodstained altar of Trog.
  2179 | D:2      | Reached skill level 5 in Stealth
  2179 | D:2      | Reached XP level 4. HP: 24/24 MP: 4/7
  2696 | D:3      | Reached XP level 5. HP: 27/28 MP: 9/9
  2720 | D:3      | Learned a level 3 spell: Tukima's Dance
  3029 | D:3      | Noticed a two-headed ogre
  3248 | D:3      | Found a hide-covered altar of Uskayaw.
  3361 | D:3      | Found a blossoming altar of Fedhas.
  3800 | D:3      | Found a shimmering altar of Xom.
  4210 | D:4      | Found a staircase to the Ecumenical Temple.
  4258 | D:4      | Found a burning altar of Makhleb.
  4354 | Temple   | Entered the Ecumenical Temple
  4528 | D:5      | Entered Level 5 of the Dungeon
  4531 | D:5      | Reached skill level 6 in Stealth
  4564 | D:5      | Reached XP level 6. HP: 30/33 MP: 7/10
  4631 | D:4      | Reached skill level 1 in Fighting
  5011 | D:5      | Reached skill level 7 in Stealth
  5052 | D:5      | Noticed Edmund
  5858 | D:5      | Killed Edmund
  5858 | D:5      | Reached XP level 7. HP: 38/38 MP: 1/13
  6191 | D:6      | Found a transporter.
  6220 | D:6      | Found a transporter.
  6230 | D:6      | Noticed Asparus's ghost (novice DEAE)
  6268 | D:6      | Learned a level 3 spell: Dazzling Flash
  6347 | D:6      | Noticed Pikel
  6356 | D:6      | Killed Pikel
  6356 | D:6      | Reached skill level 9 in Stealth
  6356 | D:6      | Reached skill level 5 in Spellcasting
  6356 | D:6      | Reached XP level 8. HP: 23/43 MP: 8/15
  7613 | D:7      | Reached skill level 10 in Stealth
  7661 | D:7      | Slain by a killer bee

Illustrated notes

Levels and vault maps discovered:
D:1:      dpeg_arrival_solitude, layout_basic
D:2:      layout_basic, trog_three_pillars_becter
D:3:      layout_basic, lemuel_round_altar, lemuel_round_altar,
          nicolae_overflow_hidden_temple, first_ration
D:4:      layout_cave_pools, minmay_temple_entry_poolview, serial_column_ruins,
          column_ruins_square_small, column_ruins_square_medium,
          column_ruins_open_large, column_ruins_open_medium_water,
          column_ruins_columns_straight, column_ruins_columns_water,
          column_ruins_columns_straight, column_ruins_grid_1,
          column_ruins_open_medium_water, makhleb_altar_promises_db
D:5:      layout_cave_pools, uniq_edmund
D:6:      layout_loops_ring, gammafunk_ghost_arena, uniq_pikel
D:7:      layout_basic, nicolae_dithmenos_through_a_glass_darkly,
          grunt_temple_overflow_open
Temple:   jpeg_temple_clearing

Skill      XL: |  1  2  3  4  5  6  7  8 |
---------------+-------------------------+-----
Hexes          | 5 6 8 9 |  9.1
Short Blades   | 2 3 |  3.7
Stealth        | 5 6 7 9 10 | 10.2
Spellcasting   | 3 4 5 |  5.9
Fighting       | 1 |  1.5
Dodging        | 3 |  3.7

Action                   |  1- 3 |  4- 6 |  7- 9 || total
-------------------------+-------+-------+-------++-------
Melee: Dagger            |   154 |   180 |    76 ||   410
       Bite              |     9 |     9 |     6 ||    24
 Cast: Corona            |    34 |    33 |    13 ||    80
       Ensorcelled Hiber |     3 |    43 |    27 ||    73
       Confusing Touch   |       |     3 |     8 ||    11
 Abil: Exsanguinate      |     2 |     1 |       ||     3
       Revivify          |     2 |       |       ||     2
  Use: Potion            |       |       |     1 ||     1
 Stab: Sleeping          |     8 |    31 |    22 ||    61
       Confused          |       |     2 |     8 ||    10
Armor: Robe              |    22 |    66 |    10 ||    98
Dodge: Dodged            |   123 |   243 |    47 ||   413
